 Dungeon Crawl Stone Soup version 0.29-a0-613-gf2c431b9b9 (webtiles) character file.

Game seed: 3970094622626286578

74 bande the Shield-Bearer (level 4, -12/29 HPs)
             Began as a Gargoyle Fighter on June 16, 2022.
             Mangled by Menkaure (18 damage)
             ... on level 3 of the Dungeon.
             The game lasted 00:03:12 (2186 turns).

bande the Shield-Bearer (Gargoyle Fighter)          Turns: 2186, Time: 00:03:14

Health: -12/29     AC: 13    Str: 20    XL:     4   Next: 28%
Magic:  4/4        EV:  7    Int:  8    God:
Gold:   141        SH:  4    Dex: 11    Spells: 3/3 levels left

rFire   . . .      SeeInvis .   a - +0 war axe (freeze)
rCold   . . .      Faith    .   c - +0 buckler
rNeg    + . .      Spirit   .   p - +0 chain mail
rPois   ∞          Reflect  .   o - +1 hat
rElec   +          Harm     .   (no cloak)
rCorr   .          Rampage  .   (no gloves)
Will    .....                   (no boots)
Stlth   ..........              (no amulet)
HPRegen 0.09/turn               (no ring)
MPRegen 0.09/turn               (no ring)

@: no status effects
A: sickness immunity, AC +3, negative energy resistance 1, electricity
resistance, torment resistance 1, petrification resistance
a: no special abilities


You were on level 3 of the Dungeon.
You visited 1 branch of the dungeon, and saw 4 of its levels.

You collected 141 gold pieces.

Inventory:

Hand Weapons
 a - a +0 war axe of freezing (weapon)
 i - a +0 flail
Armour
 c - a +0 buckler (worn)
 o - a +1 hat (worn)
 p - a +0 chain mail (worn)
Wands
 h - a wand of iceblast (6)
Scrolls
 b - a scroll of teleportation {unknown}
Potions
 d - a potion of might
 e - a potion of brilliance
 f - a potion of magic {unknown}
 g - 2 potions of heal wounds
 j - 2 potions of curing
 k - a potion of haste
 l - a potion of flight {unknown}
 m - a potion of attraction {unknown}


   Skills:
 + Level 3.7 Fighting
 + Level 2.6 Axes
 + Level 3.8 Armour
 + Level 3.9 Shields
 * Level 0.7 Evocations


You had 3 spell levels left.
You didn't know any spells.
Your spell library was empty.

Dungeon Overview and Level Annotations

Branches:
Dungeon (4/15)
 Temple: D:4-7

Altars:
Ashenzari

Annotations:
D:3 Menkaure


Innate Abilities, Weirdness & Mutations

You are immune to sickness and miasma.
Your stone body is resilient. (AC +3)
You are immune to poison.
You resist negative energy. (rN+)
You are resistant to electric shocks. (rElec)
You are resistant to unholy torment.
You are immune to petrification.


Message History

You kill the endoplasm!
No target in view!
No target in view!
l - a silvery potion
There is a stone staircase leading down here.
Things that are here:
a +0 mace; an orc corpse The great orb of eyes turns its gaze towards you.
The great orb of eyes turns its gaze towards you.
The great orb of eyes turns its gaze towards you.
Done exploring.
No target in view!
Done exploring.
Done exploring.
You see here a rat skeleton.
The floating eye turns its gaze towards you.
The great orb of eyes pulsates ominously.
There is a stone staircase leading down here.
You climb downwards.
Menkaure shouts!
The adder hisses angrily.
There is a stone staircase leading up here.
You climb upwards.
There is a stone staircase leading down here.
You barely miss Menkaure.
Menkaure gestures wildly while chanting.
Menkaure seems to speed up.
Menkaure closely misses you.
You hit Menkaure.
Menkaure is lightly damaged.
Menkaure calls on the powers of darkness!
Your body is wracked with pain!
You hit Menkaure but do no damage.
Menkaure is lightly damaged.
Menkaure barely misses you. Menkaure hits you!
You hit Menkaure.
Menkaure is moderately damaged.
Menkaure hits you!
* * * LOW HITPOINT WARNING * * *
Menkaure hits you!!
Ouch! That really hurt!
You die...

######.....#⌠...#.#.#.# ####....
..#........##...#.....# #....###
#.#.##.#.#...._.##..)## #.##.#G#
#.#.##.#...##...##...#####.##.###
#...##.#.#.#⌠...##...............
..####.#.#.#######....##.#.##..#.
).####.#.....#...........#.##..#.
.......###.................#.....
..###### #.###..@........#.#...##
..# #.# ###M......#.#.#...## ###
##.## #.#.!..........### ####...#
#.#...#.#####..### #....#.#
#.#...#.# #..... #.##...#
#.......## ##.... #### #.######
####.....# ####. ...# #.#########
#####.# #. ##.###.#.......### #.#
#.


You could see Menkaure (fast).

Vanquished Creatures
  3 adders
  2 worms (D:2)
  A dart slug (D:2)
  2 orcs (D:3)
  5 endoplasms
  2 giant cockroaches
  2 hobgoblins
  2 jackals (D:1)
  4 kobolds (D:3)
  A quokka (D:2)
  2 ball pythons
  2 bats
  3 frilled lizards
  2 goblins (D:2)
  8 rats
41 creatures vanquished.

Notes
Turn   | Place    | Note
-------+----------+-------------------------------------------
     0 | D:1      | bande the Gargoyle Fighter began the quest for the Orb.
     0 | D:1      | Reached XP level 1. HP: 14/14 MP: 1/1
   139 | D:1      | Reached XP level 2. HP: 19/19 MP: 2/2
   876 | D:2      | Reached XP level 3. HP: 19/23 MP: 3/3
  1734 | D:3      | Reached XP level 4. HP: 29/29 MP: 4/4
  1839 | D:3      | Found a faded altar of an unknown god.
  1839 | D:3      | Noticed a great orb of eyes
  1848 | D:3      | Noticed a floating eye
  1852 | D:3      | Noticed a great orb of eyes
  1852 | D:3      | Noticed a great orb of eyes
  1940 | D:3      | Found a broken altar of Ashenzari.
  2180 | D:4      | Noticed Menkaure
  2180 | D:4      | Noticed a phantom
  2186 | D:3      | Mangled by Menkaure

Illustrated notes

Levels and vault maps discovered:
D:1:      mrwooster_arrival_statue_2, layout_rooms
D:2:      layout_loops_cross
D:3:      layout_loops_cross, mainiacjoe_overflow_alcove_2,
          hellmonk_ecumenical_altar_watching_god
D:4:      layout_basic, uniq_menkaure, uniq_edmund

Skill      XL: |  1  2 |
---------------+-------+-----
Axes           | 2 |  2.6
Fighting       | |  3.7
Armour         | |  3.8
Shields        | |  3.9
Evocations     | |  0.7

Action                   |  1- 3 |  4- 6 || total
-------------------------+-------+-------++-------
Melee: War axe           |    88 |    21 ||   109
  Use: Scroll            |     9 |       ||     9
Armor: Scale mail        |    42 |       ||    42
       Chain mail        |    13 |     8 ||    21
Dodge: Dodged            |    39 |    10 ||    49
Block: Buckler           |    22 |     4 ||    26

Table legend: (Time is in decaauts)
 A = Elapsed time spent in this place.
 B = Non-inter-level travel time spent in this place.
 C = Inter-level travel time spent in this place.
 D = Time resting spent in this place.
 E = Time spent auto-exploring this place.
 F = Levels seen in this place.
 G = Mean time per level.
                   A        B        C        D        E       F      G
               +--------+--------+--------+--------+--------+-----+--------+
         Total |   2232 |   2155 |     77 |      0 |   1784 |   4 |  558.0 |
       Dungeon |   2232 |   2155 |     77 |      0 |   1784 |   4 |  558.0 |
               +--------+--------+--------+--------+--------+-----+--------+

Top non-repeatable levels by time:
     D:2: 988 daAuts
     D:3: 702 daAuts
     D:1: 538 daAuts
     D:4: 1 daAuts
